[Event "Early-Titled-Tuesday-Blitz-November-28-2023"]
[Site "Chess.com"]
[Date "2023.11.28"]
[Round "6"]
[White "Me_ch_an"]
[Black "NowInChess"]
[Result "0-1"]
[WhiteElo "2318"]
[BlackElo "2180"]
[TimeControl "180+1"]
[EndTime "9:13:18 PST"]
[Termination "NowInChess won by checkmate"]

1. e4 e6 2. d4 d5 3. e5 c5 4.
c3 Nc6 5. g3 Qb6 6. Ne2 f6 7. Nf4 cxd4 8. Qh5+ Ke7 9. Ng6+ hxg6 10. Qxh8 Kf7 11. exf6 Nxf6 12. Bg2 e5 13. O-O Bf5 14.
cxd4 Nxd4 15. Nc3 Rd8 16. Qh4 Nc2 17. Rb1 d4 18. Ne4 Be7 19. Ng5+ Kg8 20. Bd2 Nb4 21. Bxb4 Qxb4 22. Rbc1 d3 23. Qxb4 Bxb4 24. a3 d2 25.
a4 dxc1=Q 26. Rxc1 Bd2 27. Rd1 Rd7 28. Nf3 Bb4 29. Rxd7 Nxd7 30. Nxe5 Nxe5 31. Bxb7 a5 32. f4 Nd3 33. b3 Be6 34. Ba6 Nc5 35. Bb5 Bxb3 36.
Be8 Bxa4 37. Bxg6 Bb3 38. Bb1 a4 39. g4 a3 40. g5 Na4 41. f5 Nc3 42. f6 Nxb1 43. f7+ Kxf7 44. g6+ Kxg6 45. Kf2 a2 46. h4 a1=Q 47. h5+ Kxh5 48. Kf3 Qc3+ 49. Ke4 Bc2+ 50.
Kd5 Qf6 51. Kc4 Be7 52. Kb5 Qd6 53. Kc4 Qc5# 0-1

[Event "Early-Titled-Tuesday-Blitz-November-28-2023"]
[Site "Chess.com"]
[Date "2023.11.28"]
[Round "6"]
[White "Artem_Sadovsky"]
[Black "Hasangatin_Ramil"]
[Result "1/2-1/2"]
[WhiteElo "2525"]
[BlackElo "2694"]
[TimeControl "180+1"]
[EndTime "9:13:19 PST"]
[Termination "Game drawn by repetition"]

1. Nf3 d5 2. e3 Nf6 3. c4 c6 4. b3 g6 5. Bb2 Bg7 6. Be2 O-O 7.
O-O Bg4 8. d3 Nbd7 9. Nbd2 Re8 10.
h3 Bxf3 11. Bxf3 e5 12. cxd5 cxd5 13. Rc1 Qa5 14. a3 Rac8 15. b4 Qb5 16. Qb3 a5 17.
Rxc8 Rxc8 18. Rc1 Rxc1+ 19. Bxc1 axb4 20. axb4 Bf8 21. Ba3 Nb6 22. Nb1 Qa4 23. Qxa4 Nxa4 24. b5 Bxa3 25. Nxa3 b6 26. d4 e4 27. Bd1 Nc3 28. Bb3 Ne8 29. Kf1 Nc7 30. Ke1 f5 31. Kd2 N3xb5 32. Bxd5+ Kf8 33. Nxb5 Nxb5 34. f3 Nd6 35.
Kc3 Ke7 36. Kb4 Kf6 37. Kc3 Kg5 38. fxe4 fxe4 39. g3 h5 40. Kb4 h4 41. g4 Kf6 42.
Kc3 Ke7 43. Kb4 Kd7 44. Kc3 Kc7 45. g5 Kd7 46. Kb4 Ke7 47. Kc3 Kf8 48. Kb4 Kg7 49. Kb3 Kf8 50. Kb4 Ke8 51. Kc3 Kd8 52. Kb4 Kc7 53. Kc3 Kb8 54. Be6 Kc7 55. Bd5 1/2-1/2

[Event "Early-Titled-Tuesday-Blitz-November-28-2023"]
[Site "Chess.com"]
[Date "2023.11.28"]
[Round "6"]
[White "Krakozia"]
[Black "OK97"]
[Result "1-0"]
[WhiteElo "2958"]
[BlackElo "2783"]
[TimeControl "180+1"]
[EndTime "9:13:20 PST"]
[Termination "Krakozia won on time"]

1. e4 c5 2. Nf3 d6 3. c3 Nf6 4. g3 g6 5. Bg2 Bg7 6. O-O O-O 7.
Re1 Nc6 8. d4 cxd4 9. cxd4 Bg4 10.
h3 Bxf3 11. Bxf3 Nd7 12. Be3 e5 13. dxe5 dxe5 14. Nc3 Nd4 15. Bg2 Rc8 16. f4 Nc5 17. Nd5 Nce6 18. Rc1 Rxc1 19. Qxc1 Qd6 20. Kh1 Rd8 21.
Qc4 b5 22. Qd3 Nc5 23. Qf1 Nc2 24. Bxc5 Qxc5 25. Rc1 exf4 26. b4 Qd6 27. Rxc2 fxg3 28. Qxb5 Bd4 29. Qc6 Qe5 30. Rc1 Kg7 31. Rf1 Bf2 32. b5 Rd6 33. Qc4 h5 34. a4 g5 35. a5 g4 36. b6 axb6 37. a6 b5 38. Qd3 gxh3 39. Bxh3 Rg6 40. Kg2 Rxa6 41. Qe2 h4 42. Bf5 Rh6 43. Qg4+ Kf8 44. Kh3 Bd4 45.
Rc1 1-0

[Event "Early-Titled-Tuesday-Blitz-November-28-2023"]
[Site "Chess.com"]
[Date "2023.11.28"]
[Round "6"]
[White "HanSchut"]
[Black "abelmat"]
[Result "0-1"]
[WhiteElo "2274"]
[BlackElo "1969"]
[TimeControl "180+1"]
[EndTime "9:13:20 PST"]
[Termination "abelmat won on time"]

1. e4 e6 2. d4 d5 3. e5 c5 4.
c3 Bd7 5. Nf3 Qb6 6. Bd3 cxd4 7.
cxd4 Bb5 8. Bxb5+ Qxb5 9. Nc3 Qb6 10. O-O Nc6 11. Rb1 Nge7 12. Be3 Nf5 13. Qd2 Be7 14.
Rfd1 O-O 15. Bf4 Na5 16. g4 Nc4 17. Qe2 Nh4 18. Nxh4 Bxh4 19. g5 h6 20. Qh5 hxg5 21.
Rd3 f6 22. Bg3 fxe5 23. dxe5 Nxe5 24. Bxe5 Qxf2+ 25. Kh1 Rf7 26. Rbd1 Raf8 27. R3d2 Qf5 28. Bg3 Bxg3 29. hxg3 d4 0-1

[Event "Early-Titled-Tuesday-Blitz-November-28-2023"]
[Site "Chess.com"]
[Date "2023.11.28"]
[Round "6"]
[White "PabloZarnicki"]
[Black "suyu28"]
[Result "0-1"]
[WhiteElo "2546"]
[BlackElo "2735"]
[TimeControl "180+1"]
[EndTime "9:13:21 PST"]
[Termination "suyu28 won on time"]

1. e4 c5 2. Nf3 d6 3. Bb5+ Nd7 4. d4 cxd4 5. Qxd4 a6 6. Bxd7+ Bxd7 7. Nc3 Nf6 8. Bg5 e6 9. O-O-O Be7 10. e5 dxe5 11. Nxe5 Bc6 12. Nxc6 bxc6 13. Qc4 Qb6 14. Be3 Qc7 15. g4 O-O 16. g5 Nd7 17. Ne4 Rab8 18. Rhg1 Rb4 19. Rxd7 Qxd7 20. Nf6+ Bxf6 21. Qxb4 Be5 22.
Rd1 Qc7 23. Bb6 Bf4+ 24. Kb1 Qe5 25. Bc5 Rb8 26. Bd6 Rxb4 27. Bxe5 h5 28. a3 Re4 29.
Bc3 Bxh2 30. Rd8+ Kh7 31. Rc8 Bf4 32. g6+ Kxg6 33. Rxc6 h4 34. f3 h3 35. fxe4 h2 36.
Rxa6 h1=Q+ 37. Ka2 Qxe4 38. Rb6 Be3 39. Rb3 Qc4 40.
Bb4 f5 41. a4 f4 42. a5 f3 43. Ka3 f2 44. Rxe3 f1=Q 45. Rg3+ Kf5 0-1

[Event "Early-Titled-Tuesday-Blitz-November-28-2023"]
[Site "Chess.com"]
[Date "2023.11.28"]
[Round "6"]
[White "ljuks68"]
[Black "Aguiar94"]
[Result "1-0"]
[WhiteElo "2452"]
[BlackElo "2622"]
[TimeControl "180+1"]
[EndTime "9:13:22 PST"]
[Termination "ljuks68 won by resignation"]

1. e4 c5 2. Nf3 e6 3. d4 cxd4 4. Nxd4 Nc6 5. Nc3 Qc7 6. Be3 a6 7. Qd2 Nf6 8. f3 Be7 9. O-O-O O-O 10. g4 b5 11. Nxc6 dxc6 12. g5 Nh5 13. f4 b4 14.
Na4 Rd8 15. Qf2 Rxd1+ 16. Kxd1 g6 17. Be2 Ng7 18. h4 e5 19. h5 exf4 20. Bxf4 Bd6 21. Bxd6 Qxd6+ 22. Kc1 Ne6 23. Rd1 Qe7 24. Qf6 Qxf6 25.
gxf6 gxh5 26. Bxh5 c5 27. Nxc5 h6 28. Nd3 Bb7 29.
Ne5 Ng5 30. Rd7 Bxe4 31. Nxf7 Rc8 32. Nxh6+ Kf8 33. Rg7 Bh7 34. Rxg5 Rxc2+ 35. Kd1 Rh2 36. Rg7 Rxh5 37. Rxh7 1-0

[Event "Early-Titled-Tuesday-Blitz-November-28-2023"]
[Site "Chess.com"]
[Date "2023.11.28"]
[Round "6"]
[White "Gabrielian_Artur"]
[Black "szachuspl"]
[Result "1-0"]
[WhiteElo "2710"]
[BlackElo "2520"]
[TimeControl "180+1"]
[EndTime "9:13:22 PST"]
[Termination "Gabrielian_Artur won by resignation"]

1. e4 c6 2. d4 d5 3. e5 Bf5 4.
h4 h5 5. Bd3 Bxd3 6. Qxd3 e6 7.
Nf3 c5 8. c4 dxc4 9. Qxc4 Nc6 10. dxc5 Qa5+ 11. Nc3 Qxc5 12. Qe2 Nh6 13. O-O Nf5 14.
Ne4 Qb6 15. Bg5 Be7 16. Bxe7 Ncxe7 17. Nfg5 Ng6 18. Rad1 Nxe5 19. Nd6+ Nxd6 20. Qxe5 Nf5 21. Qe4 O-O 22. Rd7 Rad8 23. Rxb7 Qc5 24. Qf3 g6 25. Re1 Nxh4 26. Qf6 Qd5 27. Ne4 Qxb7 28. Qxh4 f5 29. Ng5 Rde8 30. Qc4 Qd5 31. Qc7 Rf6 32. Qh7+ Kf8 33.
Qh8+ Ke7 34. Qg7+ Kd6 35. Qxf6 Re7 36. Nf7+ Kd7 37. Ne5+ Kd6 38. Qf8 Qb7 39. Nxg6 1-0

[Event "Early-Titled-Tuesday-Blitz-November-28-2023"]
[Site "Chess.com"]
[Date "2023.11.28"]
[Round "6"]
[White "atalz0"]
[Black "MKlose11"]
[Result "1-0"]
[WhiteElo "2494"]
[BlackElo "2606"]
[TimeControl "180+1"]
[EndTime "9:13:22 PST"]
[Termination "atalz0 won by checkmate"]

1. d4 Nf6 2. c4 c5 3. d5 b5 4.
cxb5 a6 5. f3 g6 6. e4 d6 7. Na3 Bg7 8. Ne2 O-O 9. Nc3 e6 10.
Bc4 exd5 11. Nxd5 axb5 12. Nxb5 Nxd5 13. Bxd5 Qa5+ 14. Bd2 Qxb5 15. Bxa8 Ba6 16. Rb1 Nd7 17. a4 Qb6 18. Bd5 Ne5 19. Kf2 Nd3+ 20. Kg3 Qd8 21. h4 Bd4 22. Rf1 Nxb2 23. Qb3 Bxf1 24. Rxf1 Qc7 25.
Rc1 Rb8 26. Qa3 Qa7 27. a5 Qa6 28. Qa2 Nd3 29. Bxf7+ Kg7 30. Bc4 Nxc1 31. Bxc1 Qc8 32. Bf4 Be5 33. Bxe5+ dxe5 34. a6 Ra8 35. Qa5 Ra7 36.
Qb6 Qc7 37. Qe6 Qe7 38. Qg8+ Kh6 39. Kh3 Qd7+ 40. g4 Qe7 41. g5+ Kh5 42. Be6 Rxa6 43. Bg4# 1-0

[Event "Early-Titled-Tuesday-Blitz-November-28-2023"]
[Site "Chess.com"]
[Date "2023.11.28"]
[Round "6"]
[White "MatthewG-p4p"]
[Black "Alexander_Donchenko"]
[Result "0-1"]
[WhiteElo "2940"]
[BlackElo "2895"]
[TimeControl "180+1"]
[EndTime "9:13:24 PST"]
[Termination "Alexander_Donchenko won by resignation"]

1. e4 c6 2. d4 d5 3. exd5 cxd5 4. Bd3 Nf6 5. h3 Nc6 6. c3 g6 7.
Nf3 Bf5 8. Be2 Bg7 9. O-O O-O 10. Bf4 Ne4 11. Nbd2 Nd6 12. Re1 a6 13. Ne5 Nxe5 14. dxe5 Ne4 15. Nb3 Rc8 16. Qd4 Be6 17. Qe3 Qc7 18.
f3 Nc5 19. Nd4 b5 20. Rad1 Na4 21. Rd2 Nb6 22. Bg3 Nc4 23. Bxc4 Qxc4 24. a3 Qc5 25. Kh2 a5 26. b4 Qxc3 27. Nxb5 Qxe3 28. Rxe3 axb4 29.
axb4 Rb8 30. Nc7 Bh6 31. f4 Rxb4 32. Nxd5 Bxd5 33. Rxd5 Rxf4 34. e6 Rf5 35. exf7+ Kxf7 36. Ree5 Rxe5 37. Rxe5 Bg7 38. Re4 Bf6 39. Bf4 Ra8 40. Kg3 Ra3+ 41. Kf2 Ra2+ 42. Kf3 Ra5 43. g3 e5 44. Bd2 Rb5 45. Ra4 Rb3+ 46. Kf2 Rb2 47. Ke1 Be7 48. Ra6 Bc5 49. Bc3 Rb3 50. Kd2 Bd4 51.
Bxd4 exd4 52. Ra7+ Kg8 53. g4 Rxh3 54. Rd7 d3 55. g5 Rg3 56. Rd5 h6 57. gxh6 Kh7 58. Rxd3 Rxd3+ 59. Kxd3 Kxh6 60. Ke3 Kg5 61. Kf3 Kh4 62. Kg2 Kg4 63. Kf2 Kh3 64. Kg1 Kg3 65.
Kh1 g5 66. Kg1 g4 0-1

[Event "Early-Titled-Tuesday-Blitz-November-28-2023"]
[Site "Chess.com"]
[Date "2023.11.28"]
[Round "6"]
[White "Sadykov_Ramil"]
[Black "koncheto"]
[Result "1-0"]
[WhiteElo "2706"]
[BlackElo "2523"]
[TimeControl "180+1"]
[EndTime "9:13:24 PST"]
[Termination "Sadykov_Ramil won by checkmate"]

1. e4 c5 2. Nf3 d6 3. d4 cxd4 4. Nxd4 Nf6 5. f3 Nc6 6. c4 g6 7.
Be3 Bg7 8. Nc3 O-O 9. Be2 Nxd4 10. Bxd4 a5 11. O-O Nd7 12. Rc1 Bxd4+ 13. Qxd4 Qb6 14.
Qxb6 Nxb6 15. Nd5 Nxd5 16. cxd5 Rd8 17. Rc7 Rd7 18. Rfc1 Rxc7 19. Rxc7 Kf8 20. Bb5 b6 21. Kf2 Ba6 22. Bc6 Rb8 23. Ke3 Bf1 24. g3 Ba6 25. Kd4 f6 26. f4 h5 27. h4 Bc8 28. a3 Bg4 29. e5 Bc8 30. e6 Ba6 31. Ra7 Be2 32. Kc3 Bf3 33. Rc7 Be4 34. b4 axb4+ 35. Kxb4 Bf3 36. a4 Be4 37. Ra7 Bf3 38. Bb7 Be2 39.
a5 bxa5+ 40. Kxa5 Bf3 41. Ka6 Rd8 42. Kb6 Be4 43. Kc7 Re8 44. Bc6 Bf3 45. Bxe8 Kxe8 46. Ra8# 1-0

[Event "Early-Titled-Tuesday-Blitz-November-28-2023"]
[Site "Chess.com"]
[Date "2023.11.28"]
[Round "6"]
[White "C_K_G"]
[Black "Actuary44"]
[Result "0-1"]
[WhiteElo "2173"]
[BlackElo "2452"]
[TimeControl "180+1"]
[EndTime "9:13:24 PST"]
[Termination "Actuary44 won by resignation"]

1. e4 b6 2. Nf3 Bb7 3. Nc3 e6 4.
d4 Nf6 5. Bg5 Be7 6. e5 Ne4 7.
Nxe4 Bxe4 8. Bxe7 Qxe7 9. Bd3 Bb7 10. c3 O-O 11. O-O d6 12. Re1 dxe5 13. Nxe5 Nd7 14. Be4 Bxe4 15. Rxe4 Nxe5 16. Rxe5 Rad8 17. Qe2 Qf6 18. h3 h6 19. a4 a5 20. Qe3 Rd6 21. Re1 Rfd8 22. Qf3 Qxf3 23. gxf3 Rd5 24. f4 g6 25. Kg2 Kf8 26. Kf3 Ke7 27. h4 R8d6 28. h5 gxh5 29. Rh1 Rxe5 30. fxe5 Rc6 31. Rxh5 Rc4 32. Rxh6 Rxa4 33. Rh1 c5 34. dxc5 bxc5 35. Ke3 Ra2 36. Rb1 Kd7 37. Kd3 Kc6 38. c4 a4 39. Kc3 Kb6 40. Rd1 a3 41. bxa3 Rxa3+ 42. Kc2 Ra2+ 43. Kb3 Rxf2 44. Rd6+ Ka5 45. Rd7 Rf3+ 46.
Kc2 Kb4 47. Ra7 Kxc4 48. Ra4+ Kd5 49. Ra7 Kxe5 50. Kd2 f5 0-1

[Event "Early-Titled-Tuesday-Blitz-November-28-2023"]
[Site "Chess.com"]
[Date "2023.11.28"]
[Round "6"]
[White "HajiyevKanan"]
[Black "Roman_Ovetchkin"]
[Result "0-1"]
[WhiteElo "2504"]
[BlackElo "2660"]
[TimeControl "180+1"]
[EndTime "9:13:25 PST"]
[Termination "Roman_Ovetchkin won on time"]

1. b3 Nf6 2. Bb2 g6 3. Nf3 Bg7 4. g3 O-O 5. Bg2 c5 6. O-O Nc6 7. c4 d6 8. d4 cxd4 9. Nxd4 Bd7 10. Nc3 a6 11. Qd2 Rc8 12. Rac1 Qa5 13. Rfd1 Rfe8 14.
Nxc6 bxc6 15. Nd5 Qxd2 16. Nxf6+ Bxf6 17. Rxd2 Bxb2 18. Rxb2 a5 19. c5 d5 20. a3 Rb8 21. b4 Rb5 22. e4 dxe4 23. Bxe4 Reb8 24. Rcb1 Kf8 25. Kg2 Ke8 26. Bd3 R5b7 27. Ba6 Ra7 28. Bd3 axb4 29. axb4 Kd8 30. Bc4 e6 31. h4 Kc7 32. g4 f6 33. g5 f5 34. f4 Ra3 35.
Rb3 Rba8 36. Rxa3 Rxa3 37. Rb3 Ra2+ 38. Kg3 Rc2 39. Bd3 Rd2 40. Kf3 Bc8 41. Bc4 Rd4 42. Bd3 e5 43. fxe5 Rxh4 44. b5 cxb5 45. Rxb5 Rh3+ 46.
Ke2 Rxd3 47. e6 Rd5 48. Ke3 Bxe6 49. Rb2 Rxc5 0-1

[Event "Early-Titled-Tuesday-Blitz-November-28-2023"]
[Site "Chess.com"]
[Date "2023.11.28"]
[Round "6"]
[White "Arimin1329"]
[Black "Ajedrez_con_German"]
[Result "0-1"]
[WhiteElo "2393"]
[BlackElo "2619"]
[TimeControl "180+1"]
[EndTime "9:13:26 PST"]
[Termination "Ajedrez_con_German won by resignation"]

1. Nf3 e6 2. g3 f5 3. Bg2 Nf6 4. c4 b6 5. Ne5 c6 6. d4 Bb7 7.
O-O d6 8. Nd3 Be7 9. Nc3 d5 10.
b3 O-O 11. Bg5 Ne4 12. Bxe7 Qxe7 13. Nxe4 fxe4 14. Ne5 Nd7 15. Nxd7 Qxd7 16. f3 exf3 17. exf3 Rad8 18. cxd5 Qxd5 19. Re1 Rfe8 20. Re4 c5 21. Qd3 Qf5 22. Re3 Qxd3 23. Rxd3 Rxd4 24. Rxd4 cxd4 25.
f4 Bxg2 26. Kxg2 e5 27. fxe5 Rxe5 28. Kf3 Re3+ 29. Kf4 Re2 30. h4 d3 31. a4 Rb2 32.
Ke3 Rxb3 33. Rc1 a5 34. Rc7 h5 35. Rd7 Ra3 36. Rd4 Kf7 37. Kf4 Ke6 38. Kg5 Ke5 39. Rd7 Ke4 40. Kxh5 Ke3 41. g4 Rxa4 42. g5 Rd4 43. Re7+ Kf2 44. Rf7+ Kg2 45. Kg6 d2 46. Rxg7 d1=Q 47. h5 Rd6+ 48. Kh7 Qxh5+ 0-1

[Event "Early-Titled-Tuesday-Blitz-November-28-2023"]
[Site "Chess.com"]
[Date "2023.11.28"]
[Round "6"]
[White "ContrVersia"]
[Black "Alexchess1984"]
[Result "1-0"]
[WhiteElo "2880"]
[BlackElo "2705"]
[TimeControl "180+1"]
[EndTime "9:13:27 PST"]
[Termination "ContrVersia won by resignation"]

1. Nf3 Nf6 2. c4 c5 3. d4 cxd4 4. Nxd4 g6 5. Nc3 Nc6 6. e4 Nxd4 7. Qxd4 d6 8. Be2 Bg7 9. Be3 O-O 10. Qd2 Qa5 11. O-O Be6 12. Rac1 Rac8 13. b3 Rfe8 14. f4 a6 15. Rfd1 b5 16. e5 dxe5 17. fxe5 Ng4 18.
cxb5 Bxe5 19. Ne4 Qxd2 20. Bxd2 axb5 21. Bxb5 Rxc1 22. Bxc1 Ra8 23. h3 Bf5 24. Bc6 Rc8 25.
Bb7 Rc7 26. hxg4 Bxg4 27. Re1 Rxb7 28. Nc5 Bd4+ 29. Be3 Bxe3+ 30. Rxe3 Rc7 31. b4 Bc8 32. a4 f6 33. a5 e5 34. a6 Rxc5 35. bxc5 Bxa6 36.
c6 Kf7 37. c7 Ke7 38. Rd3 e4 39. Rd8 e3 40. c8=Q Bxc8 41. Rxc8 e2 42. Kf2 1-0

[Event "Early-Titled-Tuesday-Blitz-November-28-2023"]
[Site "Chess.com"]
[Date "2023.11.28"]
[Round "6"]
[White "Jamal-Jamal-Jamal"]
[Black "bazar-wokzal"]
[Result "0-1"]
[WhiteElo "2483"]
[BlackElo "2631"]
[TimeControl "180+1"]
[EndTime "9:13:27 PST"]
[Termination "bazar-wokzal won on time"]

1. d4 Nf6 2. c4 Nc6 3. Nf3 e6 4. Nc3 Bb4 5. Bg5 h6 6. Bxf6 Qxf6 7. e3 Bxc3+ 8. bxc3 d6 9. Be2 e5 10. O-O O-O 11. Rb1 b6 12. c5 dxc5 13. dxc5 Bf5 14. Qa4 Bxb1 15. Rxb1 Rfd8 16. h3 Ne7 17. Qe4 Nd5 18.
Qxe5 Qxe5 19. Nxe5 Nxc3 20. Rb2 Nxe2+ 21. Rxe2 Rd5 22. f4 Rxc5 23. Rd2 f6 24. Ng6 Kf7 25. Nh4 g5 26. Nf3 Ke6 27. g4 Rd5 28. Nd4+ Kf7 29. Rc2 c5 30. Nf5 h5 31. e4 Rd1+ 32.
Kf2 hxg4 33. hxg4 gxf4 34. Kf3 Rad8 35. g5 fxg5 36. Rh2 R8d3+ 37. Kg4 Rg1+ 38. Kh5 f3 39. a4 c4 40. a5 b5 41. Nh6+ Ke6 42. Ng4 c3 43. Kxg5 b4 44. Rh6+ Ke7 45. Kf5 c2 46.
Rh7+ Kd8 47. Rh8+ Kc7 48. Rh7+ Kb8 49. Rh8+ Kb7 50. Rh7+ Ka6 51. Ne5 Rc3 0-1

[Event "Early-Titled-Tuesday-Blitz-November-28-2023"]
[Site "Chess.com"]
[Date "2023.11.28"]
[Round "6"]
[White "nindjaxx8"]
[Black "pinguino120"]
[Result "0-1"]
[WhiteElo "2446"]
[BlackElo "2296"]
[TimeControl "180+1"]
[EndTime "9:13:28 PST"]
[Termination "pinguino120 won by resignation"]

1. d4 d5 2. c4 c6 3. Nc3 Nf6 4. cxd5 cxd5 5. Bf4 Nc6 6. e3 a6 7. Nf3 Bg4 8. Be2 e6 9. Ne5 Bxe2 10. Qxe2 Be7 11.
O-O O-O 12. Nxc6 bxc6 13. Na4 Ne4 14. Rac1 Qa5 15. b3 Rfc8 16. f3 Nd6 17. Bxd6 Bxd6 18. Nc5 Qb6 19. Rc2 a5 20. Na4 Qa6 21. Qxa6 Rxa6 22.
Rfc1 Ba3 23. Rd1 c5 24. dxc5 Rac6 25. Kf1 Kf8 26. Ke2 Ke7 27. e4 dxe4 28. fxe4 Bxc5 29. Rdc1 Kd6 30. Nxc5 Rxc5 31. Rxc5 Rxc5 32. Rxc5 Kxc5 33.
Kd3 Kb4 34. Kc2 Ka3 35. Kb1 f5 36. e5 g5 37. Kc2 Kxa2 38. Kc3 Ka3 39. Kc4 f4 40. h3 h5 41. Kc5 Kxb3 42. Kd6 a4 43. Kxe6 a3 44. Kf7 a2 45. e6 a1=Q 46. e7 Qe5 47. e8=Q Qxe8+ 48. Kxe8 g4 49. hxg4 hxg4 0-1

[Event "Early-Titled-Tuesday-Blitz-November-28-2023"]
[Site "Chess.com"]
[Date "2023.11.28"]
[Round "6"]
[White "HalfIsCrayfish"]
[Black "GrumbleBruno"]
[Result "0-1"]
[WhiteElo "2603"]
[BlackElo "2443"]
[TimeControl "180+1"]
[EndTime "9:13:29 PST"]
[Termination "GrumbleBruno won by resignation"]

1. d4 Nf6 2. c4 c5 3. d5 Ne4 4.
Nd2 Nd6 5. e4 g6 6. e5 Nf5 7.
Bd3 d6 8. exd6 exd6 9. Ne2 Bg7 10. O-O O-O 11. Ng3 Nxg3 12. hxg3 Nd7 13. Nf3 Ne5 14.
Nxe5 Bxe5 15. Qc2 Qf6 16. Rb1 Bd7 17. b4 b6 18. Bb2 Rfe8 19. Bxe5 Rxe5 20. bxc5 dxc5 21.
Rbe1 Rae8 22. Qd2 Kg7 23. Rxe5 Qxe5 24. a4 Qd4 25. Rd1 Bxa4 26. Bc2 Qxd2 27. Rxd2 Bxc2 28. Rxc2 Re7 29. Ra2 Kf6 30. f3 Ke5 31. Re2+ Kd6 32. Rxe7 Kxe7 33. Kf2 Kd6 34. Ke3 a6 35. Kd3 b5 36. g4 f6 37. g3 g5 38. f4 h6 39.
f5 bxc4+ 40. Kxc4 a5 41. Kb5 Kxd5 42. Kxa5 Ke4 43. Kb5 Kf3 44. Kxc5 Kxg4 45. Kd5 Kxf5 46. Kd4 h5 47. Ke3 Kg4 0-1

[Event "Early-Titled-Tuesday-Blitz-November-28-2023"]
[Site "Chess.com"]
[Date "2023.11.28"]
[Round "6"]
[White "Shivananda1964"]
[Black "dmosesov"]
[Result "0-1"]
[WhiteElo "2402"]
[BlackElo "2592"]
[TimeControl "180+1"]
[EndTime "9:13:30 PST"]
[Termination "dmosesov won on time"]

1. Nf3 Nf6 2. g3 b6 3. Bg2 Bb7 4. O-O e6 5. d4 c5 6. dxc5 Bxc5 7. c4 O-O 8. a3 Be7 9. b4 d6 10. Bb2 Nbd7 11. Nbd2 a6 12. Qb3 Rc8 13. Rac1 Qc7 14. Rfd1 Qb8 15. Ne1 Bxg2 16. Kxg2 Rc7 17. f3 Rfc8 18.
Nd3 h6 19. e4 b5 20. cxb5 axb5 21. Bd4 e5 22. Bf2 Nb6 23. Rxc7 Rxc7 24. Rc1 Rxc1 25.
Nxc1 d5 26. Nd3 dxe4 27. Nxe4 Nxe4 28. fxe4 Nc4 29. a4 Qa8 30. axb5 Qxe4+ 31. Kg1 Nd2 32.
Qc2 Nf3+ 33. Kf1 Nxh2+ 34. Kg1 Nf3+ 35. Kf1 Nd4 36. Bxd4 Qxd4 37. Qc8+ Bf8 38. Ke2 g6 39. Qc6 e4 40. Nc5 e3 41. b6 Qd2+ 42. Kf3 Qf2+ 43. Ke4 Qg2+ 0-1

[Event "Early-Titled-Tuesday-Blitz-November-28-2023"]
[Site "Chess.com"]
[Date "2023.11.28"]
[Round "6"]
[White "Predator0608"]
[Black "bescmelasti"]
[Result "0-1"]
[WhiteElo "2591"]
[BlackElo "2659"]
[TimeControl "180+1"]
[EndTime "9:13:31 PST"]
[Termination "bescmelasti won by resignation"]

1. e4 e6 2. d4 d5 3. Nd2 c5 4. Ngf3 cxd4 5. Nxd4 Nc6 6. Bb5 Bd7 7. Nxc6 bxc6 8. Bd3 Qc7 9. O-O Bd6 10. h3 Ne7 11. Qg4 O-O 12. Qh5 Ng6 13. Nf3 Nf4 14.
Bxf4 Bxf4 15. g3 g6 16. Qh4 Be5 17. c3 Bg7 18. exd5 cxd5 19. Rfe1 Rab8 20. Re2 Qd8 21. Qf4 Qf6 22. Qe3 Rb7 23. h4 Rfb8 24. Rb1 a5 25. h5 a4 26. hxg6 hxg6 27. Rc2 Rc7 28. Bf1 a3 29. b3 Rxc3 30. Rxc3 Qxc3 31. Qf4 Rc8 32. Rc1 Qxc1 33. Qd6 Qc7 34. Qxa3 d4 35. Ng5 Bc6 36. Bc4 Bd5 0-1

[Event "Early-Titled-Tuesday-Blitz-November-28-2023"]
[Site "Chess.com"]
[Date "2023.11.28"]
[Round "6"]
[White "grandemestregringo"]
[Black "Quattroporte300"]
[Result "0-1"]
[WhiteElo "2607"]
[BlackElo "2415"]
[TimeControl "180+1"]
[EndTime "9:13:31 PST"]
[Termination "Quattroporte300 won on time"]

1. f4 c5 2. Nf3 Nc6 3. e3 g6 4.
Bb5 Bg7 5. O-O d6 6. d3 Bd7 7. e4 Nf6 8. Nc3 O-O 9. Kh1 a6 10. Ba4 b5 11. Bb3 c4 12. dxc4 b4 13. Nd5 Nxe4 14.
Qe2 Nf6 15. Bd2 a5 16. Ba4 e6 17.
Nxf6+ Bxf6 18. Rab1 Nd4 19. Nxd4 Bxa4 20. Be3 Rc8 21.
b3 Bd7 22. Rbd1 Qe7 23. Nf3 Bc6 24. Nd4 Be4 25. Nb5 d5 26. c5 Rxc5 27. Bxc5 Qxc5 28. f5 gxf5 29. Rf4 Kh8 30. Rxe4 fxe4 31. Rf1 Bg7 32. h4 f5 33. h5 Rb8 34. a4 bxa3 35. c4 d4 36. Qd2 d3 37. Qg5 Qe5 38. h6 Bf6 39. Qd2 Qg3 40. Kg1 Rxb5 41. cxb5 Bd4+ 42. Rf2 Qxf2+ 43.
Qxf2 Bxf2+ 44. Kxf2 a2 45. b6 a1=Q 46. b7 Qb2+ 47. Kg3 Qxb3 0-1

[Event "Early-Titled-Tuesday-Blitz-November-28-2023"]
[Site "Chess.com"]
[Date "2023.11.28"]
[Round "6"]
[White "Olya_Oblachko"]
[Black "maurovargas01"]
[Result "1-0"]
[WhiteElo "2256"]
[BlackElo "1854"]
[TimeControl "180+1"]
[EndTime "9:13:31 PST"]
[Termination "Olya_Oblachko won on time"]

1. d4 d5 2. c4 c6 3. Nf3 e6 4. Nc3 dxc4 5. g3 Nf6 6. Bg2 Bd7 7. Ne5 Bd6 8. Nxc4 Bc7 9. O-O O-O 10. e4 b5 11. Ne3 Bb6 12. e5 Nd5 13. Ncxd5 exd5 14. f4 f6 15. Nxd5 Kh8 16. Nxb6 Qxb6 17.
Be3 fxe5 18. fxe5 Re8 19. Qf3 Na6 20. Qe4 Qd8 21. d5 Rc8 22. d6 Re6 23. Bh3 Rg6 24. Bf5 Bxf5 25. Qxf5 Nb4 26. Rad1 Nd5 27. Qe4 Re6 28. Rxd5 cxd5 29. Qxd5 Qe8 30. Bd4 Rd8 31.
Qc5 Qd7 32. Re1 Rc8 33. Qxa7 Qxa7 34. Bxa7 1-0

[Event "Early-Titled-Tuesday-Blitz-November-28-2023"]
[Site "Chess.com"]
[Date "2023.11.28"]
[Round "6"]
[White "Emp3rador"]
[Black "Byniolus"]
[Result "1-0"]
[WhiteElo "2590"]
[BlackElo "2801"]
[TimeControl "180+1"]
[EndTime "9:13:33 PST"]
[Termination "Emp3rador won by resignation"]

1. e4 d6 2. d4 Nf6 3. Nc3 c6 4. h3 b5 5. a3 e5 6. Nge2 Nbd7 7.
g4 Bb7 8. Bg2 g6 9. O-O Bg7 10. f4 a5 11. Be3 O-O 12. Ng3 exf4 13. Bxf4 Ne8 14. Qd2 b4 15. Nce2 c5 16. Rad1 Qb6 17.
Kh1 cxd4 18. Nxd4 Ne5 19. axb4 axb4 20. Bg5 Nc4 21. Qf2 Nxb2 22. Rd2 Nc4 23. Rdd1 Nb2 24. Rd2 Ba6 25. Rb1 Nc4 26. Rdd1 Nc7 27. c3 b3 28. Bf6 b2 29. Bxg7 Kxg7 30. Bf1 Rab8 31. g5 f6 32.
Qe3 Kg8 33. Qf4 Qc5 34. gxf6 Qe5 35. Qxe5 dxe5 36. Nc6 Rb6 37. Ne7+ Kf7 38. Rd7 Ne6 39. Bxc4 Bxc4 40. Nd5+ Kg8 41. Nxb6 Rb8 42. Rxb2 1-0

[Event "Early-Titled-Tuesday-Blitz-November-28-2023"]
[Site "Chess.com"]
[Date "2023.11.28"]
[Round "6"]
[White "Rud_Makarian"]
[Black "Oleksandr_Bortnyk"]
[Result "1/2-1/2"]
[WhiteElo "2990"]
[BlackElo "3062"]
[TimeControl "180+1"]
[EndTime "9:13:34 PST"]
[Termination "Game drawn by repetition"]

1. d4 d6 2. Nf3 Nf6 3. c4 g6 4.
Nc3 Bg7 5. e4 O-O 6. Be2 Na6 7.
O-O e5 8. Be3 Qe7 9. Nd5 Nxd5 10.
cxd5 exd4 11. Bxd4 Qxe4 12. Bxg7 Kxg7 13. Rc1 Rb8 14.
Re1 Qf4 15. Bxa6 bxa6 16. b3 Rb7 17. Rc4 Qf6 18. Qd2 Bd7 19. Rf4 Qd8 20. Qd4+ Kg8 21. h4 c5 22. Qc3 Re8 23. Rxe8+ Bxe8 24. h5 f5 25. h6 Qe7 26. b4 Rc7 27. bxc5 Rxc5 28. Rc4 Rxc4 29. Qxc4 g5 30. Qc8 Qd7 31. Qxd7 Bxd7 32. Nxg5 Bb5 33. a3 Bc4 34. f4 Bxd5 35.
Kf2 Bc4 36. Ke3 Bb3 37. g3 a5 38. Kd4 Ba2 39. Kc3 Bd5 40. Kd4 Bb3 41. Kd3 Ba2 42. Ke3 Bd5 43. Kf2 Bb3 44. Ke2 Bc4+ 45. Ke3 Bd5 46.
Kf2 Bb3 47. Kg2 Bd1 48. Kf2 Bb3 1/2-1/2